 Dungeon Crawl Stone Soup version 0.32-a0-673-g3729bd50f8 (webtiles) character file.

Game seed: 3433767752673790585

151 croobank the Chiller (level 5, -4/41 HPs)
             Began as a Draconian Ice Elementalist on Mar 10, 2024.
             Slain by Grinder (5 damage)
             ... on level 3 of the Dungeon.
             The game lasted 00:07:05 (2315 turns).

croobank the Chiller (Draconian Ice Elementalist)   Turns: 2315, Time: 00:07:05

Health: -4/41      AC:  5    Str: 11    XL:     5   Next: 10%
Magic:  9/9        EV: 12    Int: 23    God:
Gold:   79         SH:  0    Dex: 11    Spells: 2/9 levels left

rFire   . . .        c - +2 dagger (holy)
rCold   . . .        (no shield)
rNeg    . . .        (body armour unavailable)
rPois   .            (helmet restricted)
rElec   .            (no cloak)
rCorr   .            (no gloves)
SInv    .            (no boots)
Will    .....        (no amulet)
Stlth   ++           d - +6 ring of intelligence
HPRegen 0.26/turn    (no ring)
MPRegen 0.11/turn

%: no passive effects
@: no status effects
A: AC +5, unfitting armour, cold-blooded
a: no special abilities


You were on level 3 of the Dungeon.
You visited 1 branch of the dungeon, and saw 3 of its levels.

You collected 79 gold pieces.

Inventory:

Hand Weapons
 c - a +2 dagger of holy wrath (weapon)
 i - a +0 trident
Missiles
 k - 2 atropa-tipped darts
Jewellery
 d - a +6 ring of intelligence (left hand)
Scrolls
 g - a scroll of enchant armour
Potions
 a - 3 potions of magic
 e - a potion of heal wounds {unknown}
 f - 2 potions of haste {unknown}
 h - a potion of degeneration {unknown}


   Skills:
 + Level 2.1 Fighting
 + Level 2.6 Dodging
 + Level 2.8 Stealth
 + Level 2.8 Spellcasting
 + Level 4.5 Ice Magic


You had 2 spell levels left.
You knew the following spells:

 Your Spells              Type           Power      Damage    Failure   Level
a - Freeze                Ice            96%        1d10      1%          1
b - Frozen Ramparts       Ice            48%        1d8       5%          3
c - Ozocubu's Armour      Ice            24%        N/A       5%          3

Your spell library contained the following spells:

 Spells                   Type           Power      Damage    Failure   Level
 Summon Ice Beast         Ice/Summ       13%        N/A       14%         3


Dungeon Overview and Level Annotations

Branches:
Dungeon (3/15)

Altars:

Shops:
D:3 (

Annotations:
D:2 1 runed translucent door, Crazy Yiuf
D:3 Grinder


Innate Abilities, Weirdness & Mutations

Your plain brown scales are hard. (AC +5)
You cannot fit into any form of body armour.
You are cold-blooded and may be slowed by cold attacks.


Message History

Grinder is severely wounded.
Grinder says, "Just stop there for a second..."
Grinder gestures at you. Pain shoots through your body!
Grinder struggles against the net.
Grinder gestures at you. Pain shoots through your body!
* * * LOW HITPOINT WARNING * * *
Grinder struggles against the net.
You barely miss Grinder.
Grinder is severely wounded.
You hit Grinder.
Grinder convulses.
Grinder is severely wounded.
Grinder struggles against the net.
You hit Grinder.
Grinder convulses.
Grinder is almost dead.
Grinder struggles against the net.
You completely miss Grinder.
Grinder is almost dead.
Grinder struggles against the net.
The net rips apart, and Grinder comes free!
You feel better. Grinder gestures at you.
You suddenly lose the ability to move!
Grinder hits you.
You writhe in agony.
* * * LOW HITPOINT WARNING * * *
Grinder sighs, "No one appreciates my work."
Grinder gestures at you. Pain shoots through your body!
* * * LOW HITPOINT WARNING * * *
You can move again.
You completely miss Grinder.
Grinder is almost dead.
Grinder gestures at you. Pain shoots through your body!
* * * LOW HITPOINT WARNING * * *
You barely miss Grinder.
Your tail-slap misses Grinder.
Grinder is almost dead.
Grinder hits you.
You die...
Grinder says, "Hey, I wasn't done torturing you yet!"

.# ###.# ##.#.##.##.#
.# #...# ##.###.##.#.#
.# #.### #.## ##.##..#
.# #.# ##.###.##.#.#
.###.# ##.#.##.##.#
.....# ##))#.#...#
..####
##########.##.###
........
#.5........##.#
..##.###
#@###########.# ### #
#.###.###########.#
#.................#
#####.###########.####
#(# #..... #.# #.####
#### ..# #<# ...^ .#.#
#.# #### ....# #..


You could see Grinder.

Vanquished Creatures
  An orc priest (D:3)
  Jessica (D:2)
  3 adders
  2 dart slugs
  2 orcs (D:3)
  5 endoplasms
  2 giant cockroaches (D:1)
  4 goblins
  2 hobgoblins
  10 jackals
  4 quokkas
  10 ball pythons
  4 bats
  2 frilled lizards
  4 kobolds
  3 rats
59 creatures vanquished.

Notes
Turn   | Place    | Note
-------+----------+-------------------------------------------
     0 | D:1      | croobank the Draconian Ice Elementalist began the quest for
                  | the Orb.
     0 | D:1      | Reached XP level 1. HP: 14/14 MP: 3/3
   180 | D:1      | Found a faded altar of an unknown god.
   303 | D:1      | Reached XP level 2. HP: 22/22 MP: 5/5
   441 | D:1      | Reached skill level 1 in Fighting
   582 | D:1      | Reached XP level 3. HP: 28/28 MP: 3/6
   586 | D:1      | Learned a level 3 spell: Frozen Ramparts
   943 | D:2      | Found a runed translucent door.
   944 | D:2      | Noticed Crazy Yiuf
  1091 | D:2      | Noticed Jessica
  1104 | D:2      | Killed Jessica
  1105 | D:2      | Reached XP level 4. HP: 36/36 MP: 1/7
  1158 | D:2      | Learned a level 3 spell: Ozocubu's Armour
  1708 | D:3      | Found Hialle's Weapon Boutique.
  1823 | D:3      | Reached XP level 5. HP: 41/41 MP: 5/9
  2257 | D:3      | Noticed Grinder
  2277 | D:3      | Paralysed by Grinder for 5 turns
  2287 | D:3      | Paralysed by Grinder for 2 turns
  2311 | D:3      | Paralysed by Grinder for 3 turns
  2314 | D:3      | HP: 1/41 [Grinder/nerve-wracking pain (10)]
  2315 | D:3      | Slain by Grinder

Illustrated notes

Levels and vault maps discovered:
D:1:      mrwooster_arrival_statue_3, layout_basic,
          hellmonk_ecumenical_altar_heavens_door, minmay_tetromino_o4
D:2:      layout_loops_cross, uniq_crazy_yiuf_cottage, uniq_jessica
D:3:      layout_loops_ring, serial_shops, nicolae_shop_bloodbath_and_beyond,
          uniq_grinder

Skill      XL: |  1  2  3  4 |
---------------+-------------+-----
Stealth        | 2 |  2.8
Dodging        | 2 |  2.6
Fighting       | 1 2 |  2.1
Spellcasting   | |  2.8
Ice Magic      | |  4.5

Action                     |  1- 3 |  4- 6 || total
---------------------------+-------+-------++-------
  Melee: Dagger            |    36 |    39 ||    75
         Tailslap          |     7 |     4 ||    11
  Throw: Dart              |       |     6 ||     6
         Throwing net      |       |     5 ||     5
   Cast: Freeze            |    18 |       ||    18
         Frozen Ramparts   |     8 |    11 ||    19
         Ozocubu's Armour  |       |     1 ||     1
    Use: Scroll            |       |     4 ||     4
         Potion            |       |     1 ||     1
   Stab: Sleeping          |     5 |     1 ||     6
         Held in net/web   |       |     1 ||     1
 Armour: Skin              |    23 |    24 ||    47
  Dodge: Dodged            |    26 |    16 ||    42

Table legend: (Time is in decaauts)
 A = Elapsed time spent in this place.
 B = Non-inter-level travel time spent in this place.
 C = Inter-level travel time spent in this place.
 D = Time resting spent in this place.
 E = Time spent auto-exploring this place.
 F = Levels seen in this place.
 G = Mean time per level.
                   A        B        C        D        E       F      G
               +--------+--------+--------+--------+--------+-----+--------+
         Total |   2326 |   2298 |     28 |     57 |   1816 |   3 |  775.3 |
       Dungeon |   2326 |   2298 |     28 |     57 |   1816 |   3 |  775.3 |
               +--------+--------+--------+--------+--------+-----+--------+

Top non-repeatable levels by time:
     D:2: 852 daAuts
     D:3: 805 daAuts
     D:1: 668 daAuts
